 Dungeon Crawl Stone Soup version 0.25-a0-341-g6f074c887a (webtiles) character file.

Game seed: 13443309250761146338, levelgen mode: classic

55827 Borgoz the Bludgeoner (level 14, -3/92 HPs)
             Began as a Gargoyle Fighter on Dec 30, 2019.
             Was a High Priest of Ashenzari.
             Killed from afar by a starcursed mass (9 damage)
             ... with an accursed screaming
             ... on level 2 of the Abyss.
             The game lasted 00:47:38 (20576 turns).

Borgoz the Bludgeoner (Gargoyle Fighter)           Turns: 20576, Time: 00:47:39

Health: -3/92      AC: 20    Str: 33      XL:     14   Next: 79%
Magic:  5/5        EV: 14    Int:  8 (10) God:    Ashenzari [*****.]
Gold:   1106       SH: 14    Dex: 10      Spells: 13/13 levels left

rFire    + + .     SeeInvis +   b - +8 mace "Duoken" {antimagic, -Tele rN+ Str+10 SInv}
rCold    + + .     Gourm    .   c - +0 shield (curse)
rNeg     + + +     Faith    .   J - +2 ring mail {rC+}
rPois    ∞         Spirit   .   (no helmet)
rElec    +         Reflect  .   l - scarf {repulsion}
rCorr    .         Harm     .   B - +0 pair of gloves (curse)
MR       +....     Clarity  +   G - +0 pair of boots (curse) Stlth ..........NoTele +
                                Q - amulet of rage (curse)
HPRegen  0.25/turn              H - ring of protection from fire
MPRegen  0.09/turn              V - ring "Cuepn" {*Slow rF+ rC+ rN+ Str+4}

@: berserk cooldown, flying, slowed, repel missiles, very slow
A: big wings, [blurry vision 2], deformed body, negative energy resistance 1,
electricity resistance, [weak 2], unbreathing, petrification resistance, no
potion heal 1, rot immunity, subdued magic 1, AC +10
a: Stop Flying, Curse Item, Scrying, Transfer Knowledge, Renounce Religion,
Evoke Berserk Rage


You were on level 2 of the Abyss.
You worshipped Ashenzari.
Ashenzari was extremely pleased with you.
You were very hungry.

You visited 3 branches of the dungeon, and saw 19 of its levels.
You visited the Abyss 1 time.
You also visited: Sewer, Gauntlet and Volcano.

You collected 1238 gold pieces.
You spent 132 gold pieces at shops.

Inventory:

Hand Weapons
 a - a +0 flail
 b - the +8 mace "Duoken" (weapon) {antimagic, -Tele rN+ Str+10 SInv}
   (You found it on level 5 of the Dungeon)

   It reduces the magical energy of the wielder, and disrupts the spells and
   magical abilities of those hit.
   Natural abilities and divine invocations are not affected.
   It affects your strength (+10).
   It protects you from negative energy.
   It lets you see invisible.
   It prevents most forms of teleportation.
Missiles
 F - 3 throwing nets (quivered)
Armour
 c - a cursed +0 shield (worn)
 l - a scarf of repulsion (worn)
 B - a cursed +0 pair of gloves (worn)
 G - a cursed +0 pair of boots (worn)
 J - a +2 ring mail of cold resistance (worn)
Jewellery
 g - an uncursed ring of protection from cold
 H - a ring of protection from fire (left hand)
 K - an uncursed ring of ice
 N - the ring of the Devil's Advocate {MR+ Str+6}
   (You found it in a Gauntlet)

   [ring of protection from magic]

   It affects your strength (+6).
   It affects your resistance to hostile enchantments.
 Q - a cursed amulet of rage (around neck)
 V - the ring "Cuepn" (right hand) {*Slow rF+ rC+ rN+ Str+4}
   (You found it in a Gauntlet)

   [ring of strength]

   It affects your strength (+4).
   It protects you from fire.
   It protects you from cold.
   It protects you from negative energy.
   It may slow you when you take damage.
Wands
 I - a wand of iceblast (3)
 R - a wand of paralysis (9)
 T - a wand of acid (5)
Scrolls
 e - 4 scrolls of magic mapping
 h - a scroll of identify
 m - 4 scrolls of fog
 p - 18 scrolls of teleportation
 s - 6 scrolls of remove curse
 u - 5 scrolls of blinking
 A - 7 scrolls of fear
 M - 3 scrolls of acquirement
 S - a scroll of silence
Potions
 i - a potion of haste
 q - 6 potions of curing
 r - 4 potions of cancellation
 x - a potion of might
 C - 3 potions of resistance
 L - 2 potions of agility
 O - a potion of berserk rage
Comestibles
 d - 2 chunks of flesh
 f - 38 rations


   Skills:
 + Level 12.3 Fighting
 * Level 15.0 Maces & Flails
 + Level 12.3 Armour
 + Level 7.6 Dodging
 + Level 10.4(12.9) Shields
 + Level 3.6 Evocations


You had 13 spell levels left.
You didn't know any spells.
Your spell library contained the following spells:

 Spells                   Type           Power        Failure   Level  Hunger
 Animate Skeleton         Necr           N/A          54%         1    ##.....
 Apportation              Tloc           #.....       54%         1    ##.....
 Confusing Touch          Hex            #.....       54%         1    ##.....
 Magic Dart               Conj           #...         54%         1    ##.....
 Summon Butterflies       Summ           #.......     54%         1    ##.....
 Summon Small Mammal      Summ           #...         54%         1    ##.....
 Poisonous Vapours        Pois/Air       #.....       69%         2    ###....
 Searing Ray              Conj           #.....       69%         2    ###....
 Call Canine Familiar     Summ           #.......     89%         3    ####...
 Conjure Flame            Conj/Fire      #.......     89%         3    ####...
 Dazzling Flash           Conj/Hex       #.....       89%         3    ####...
 Mephitic Cloud           Conj/Pois/Air  #.......     89%         3    ####...
 Fulminant Prism          Conj/Hex       #.........   100%        4    #####..
 Iskenderun's Mystic Bla  Conj/Tloc      #.......     100%        4    #####..
 Summon Ice Beast         Ice/Summ       #.......     100%        4    #####..
 Bolt of Magma            Conj/Fire/Erth #.........   100%        5    ######.
 Irradiate                Conj/Tmut      #.........   100%        5    ######.
 Iskenderun's Battlesphe  Conj/Chrm      #.......     100%        5    ######.
 Summon Mana Viper        Hex/Summ       #.......     100%        5    ######.
 Freezing Cloud           Conj/Ice/Air   #.........   100%        6    #######
 Hydra Form               Tmut           #.........   100%        6    #######
 Iron Shot                Conj/Erth      #.........   100%        6    #######
 Dragon Form              Tmut           #.........   100%        7    #######
 Orb of Destruction       Conj           #.........   100%        7    #######
 Ring of Flames           Chrm/Fire      #.........   100%        7    #######
 Spellforged Servitor     Conj/Summ      #.........   100%        7    #######
 Summon Hydra             Summ           #.........   100%        7    #######
 Statue Form              Tmut/Erth      Unusable     N/A         6    N/A

Dungeon Overview and Level Annotations

Branches:
Dungeon (15/15)            Temple (1/1) D:6            Lair (3/6) D:8
  Swamp (0/4) Lair:2          Orc (0/2) D:9          Depths (0/5) D:15
  Sewer (visited)         Volcano (visited)         Gauntlet (visited)
  Snake: Lair:2-4    Spider: Lair:2-4    Vaults: D:13-14

Altars:
Ashenzari
Cheibriados
Dithmenos
Elyvilon
Fedhas
Gozag
Hepliaklqana
Kikubaaqudgha
Makhleb
Nemelex Xobeh
Okawaru
Qazlal
Ru
Sif Muna
Trog
Uskayaw
Vehumet
Wu Jian
Xom
Yredelemnul
Zin
The Shining One

Shops:
D:5 *([   D:6 ?   D:7 *

Annotations:
Lair:2 exclusion: oklob plant


Innate Abilities, Weirdness & Mutations

You are resistant to torment.
Your stone body is resilient. (AC +10)
You are immune to poison.
Your large and strong wings let you fly indefinitely.
You resist negative energy. (rN+)
You are resistant to electric shocks. (rElec)
You can survive without breathing.
You are immune to petrification.
You are immune to rotting.
Armour fits poorly on your strangely shaped body.
Potions are less effective at restoring your health.
Your spells are a little easier to cast, but a little less powerful.
[Scrolls take you longer to read.]
[You are very weak. (Str -4)]


Message History

A deafening chorus of shrieks assaults your mind!
* * * LOW HITPOINT WARNING * * *
You suddenly lose the ability to move!
The starcursed mass engulfs you but does no damage. x2
The wretched star falters for a moment.
Some of the chunks of flesh in your inventory have rotted away.
You can move again.
You hit the wretched star but do no damage.
The wretched star is heavily damaged.
You are feeling very hungry.
The starcursed mass engulfs you.
* * * LOW HITPOINT WARNING * * *
You block the starcursed mass's attack. The starcursed mass closely misses you.
The wretched star falters for a moment.
A starcursed mass splits.
A deafening chorus of shrieks assaults your mind!
* * * LOW HITPOINT WARNING * * *
The wretched star falters for a moment.
A starcursed mass splits.
A deafening chorus of shrieks assaults your mind!
You die...

,* * *,#* #.#, , *,*
,, ,,, , ,, ,#***, , ,
*,* , *** * **.**
#,#.,.. ,* ,,, , ,, ,
*** .##* ,* .## ,,,,,
* * ,* *........ *,
.x. , ,,, * *
.......{* , XX#*,, ,,
, ,* ,, ......#, *
#X#* ,, , , ,
**.....X.######*#*,, ,
,, *#*
*#.##.....@XDX## * .
,,, , * .
.......#####XX.......,
,,** * ... ##### #
#X........,,, , * ,, ,
*# # #....>...#** ** ∆
* , , ######..#., ,*
,,,, * , * *....#, , ,
, , ,,* ,*, ..# , * ,,
, , *.%, ,, ,,, * ,*
*** , ,*, . ,,


You could see a bone dragon, 5 starcursed masses, a wretched star and a
thrashing horror.

Vanquished Creatures
  A dire elephant (D:15)
  A minotaur (Gauntlet)
  Nessos (D:15)
  A fire dragon (D:14)
  Erolcha (D:9)
  Harold (D:8)
  2 hydras
  4 centaur warriors
  3 two-headed ogres
  A death knight (D:13)
  An ogre mage (D:15)
  A thrashing horror (Abyss:2)
  A death yak (D:11)
  Sonja (D:12)
  The ghost of MisterOstroum the Cudgeler, a novice DrFE of Cheibriados (D:7)
  2 wizards
  A swamp dragon (Lair:2)
  A flayed ghost (Abyss:2)
  An obsidian statue (Gauntlet)
  Pikel (D:4)
  A harpy (D:14)
  An orc knight (D:15)
  A lindwurm (Lair:3)
  A wolf spider zombie (D:15)
  2 manticores
  14 ugly things
  Joseph (D:7)
  A naga mage (D:15)
  2 black mambas
  3 spiny frogs
  2 gargoyles
  4 komodo dragons
  An ancient zyme (Abyss:2)
  3 trolls
  A hellwing (Abyss:2)
  A wolf spider simulacrum (D:14)
  3 meliai (D:15)
  A hornet (D:8)
  5 blink frogs (Lair:1)
  Grinder (D:4)
  Prince Ribbit (D:7)
  5 hippogriffs
  12 slime creatures
  2 centaur simulacra
  A water elemental (D:11)
  4 hogs (D:9)
  A wyvern (D:15)
  2 wraiths
  3 shadows
  16 yaks
  Eustachio (D:6)
  3 chaos spawn (Gauntlet)
  2 fire bats (Abyss:2)
  A basilisk (Lair:3)
  A human (D:9)
  4 hungry ghosts
  3 vampire mosquitoes (D:15)
  3 neqoxecs
  Menkaure (D:6)
  2 large abominations (Abyss:2)
  Edmund (D:6)
  3 porcupines
  5 water moccasins
  4 slaves
  4 sky beasts
  11 orc warriors
  An eye of draining (D:12)
  3 phantoms
  8 ice beasts
  2 necrophages
  3 boggarts (D:15)
  10 ogres
  5 crocodiles
  17 centaurs
  4 big kobolds
  16 bullfrogs
  A spiny frog simulacrum (Gauntlet)
  2 wyvern skeletons
  7 scorpions
  14 killer bees
  3 wights (D:7)
  A howler monkey (D:12)
  3 crimson imps
  A human zombie (Abyss:2)
  4 centaur zombies
  2 centaur skeletons
  15 orc priests
  A bullfrog skeleton (D:10)
  5 hounds
  4 jellies
  27 orc wizards
  2 gnoll shamans
  Natasha (thrice) (D:4)
  7 iguanas
  8 worker ants
  4 bullfrog simulacra
  2 hound zombies (D:6)
  A howler monkey zombie (D:9)
  19 adders
  19 gnolls
  4 river rats (Sewer)
  9 shadow imps
  2 white imps
  A worker ant simulacrum (D:11)
  3 oozes
  An adder skeleton (D:6)
  8 worms
  7 dart slugs
  5 leopard geckos
  60 orcs
  6 ball pythons
  13 bats
  7 giant cockroaches
  16 goblins
  9 hobgoblins
  15 jackals
  20 kobolds
  12 quokkas
  7 frilled lizards
  A jackal skeleton (D:5)
  A leopard gecko skeleton (D:5)
  A leopard gecko zombie (D:7)
  A quokka zombie (D:6)
  13 rats
  A fungus (Lair:3)
619 creatures vanquished.

Vanquished Creatures (others)
  12 demonic plants (Gauntlet)
  8 fungi (Gauntlet)
  6 plants (Gauntlet)
26 creatures vanquished.

Grand Total: 645 creatures vanquished

Notes
Turn   | Place    | Note
-------+----------+-------------------------------------------
     0 | D:1      | Borgoz the Gargoyle Fighter began the quest for the Orb.
     0 | D:1      | Reached XP level 1. HP: 14/14 MP: 1/1
   242 | D:1      | Reached XP level 2. HP: 19/19 MP: 2/2
   745 | D:1      | Reached XP level 3. HP: 23/23 MP: 3/3
   797 | D:1      | Reached skill level 3 in Maces & Flails
  1215 | D:2      | Reached XP level 4. HP: 29/29 MP: 4/4
  1637 | D:2      | Reached XP level 5. HP: 32/33 MP: 5/5
  1799 | D:2      | Found a sparkling altar of Nemelex Xobeh.
  1895 | D:2      | Reached skill level 4 in Maces & Flails
  2472 | D:3      | Reached XP level 6. HP: 35/39 MP: 6/6
  2772 | D:3      | Found a glowing drain.
  2777 | Sewer    | Entered a sewer
  2920 | Sewer    | Reached skill level 5 in Maces & Flails
  3224 | Sewer    | Reached skill level 5 in Fighting
  3224 | Sewer    | Reached skill level 5 in Armour
  3224 | Sewer    | Reached XP level 7. HP: 17/44 MP: 7/7
  4123 | D:3      | Reached skill level 6 in Maces & Flails
  4212 | D:4      | Noticed Grinder
  4295 | D:4      | Noticed Natasha
  4316 | D:4      | Killed Natasha
  4557 | D:4      | Killed Grinder
  4557 | D:4      | Reached XP level 8. HP: 51/51 MP: 8/8
  4705 | D:4      | Reached skill level 7 in Maces & Flails
  4750 | D:4      | Identified the amulet "Jismen" {Harm *Drain +Fly rElec
                  | Str-3}
  4838 | D:4      | Noticed Natasha
  4849 | D:4      | Killed Natasha
  4883 | D:4      | Noticed Pikel
  4928 | D:5      | Entered Level 5 of the Dungeon
  5080 | D:5      | Got a pitted mace
  5081 | D:5      | Identified the +8 mace "Duoken" {antimagic, -Tele rN+
                  | Str+10 SInv} (You found it on level 5 of the Dungeon)
  5177 | D:5      | Found Tukic's Armour Emporium.
  5242 | D:4      | Noticed a hippogriff
  5245 | D:4      | Killed a hippogriff
  5245 | D:4      | Reached skill level 8 in Maces & Flails
  5245 | D:4      | Reached XP level 9. HP: 57/57 MP: 3/9
  5463 | D:4      | Killed Pikel
  5679 | D:4      | Noticed Natasha
  5684 | D:4      | Killed Natasha
  5763 | D:5      | Found Pajiplil's Weapon Emporium.
  5788 | D:5      | Reached skill level 9 in Maces & Flails
  6055 | D:5      | Found Woxaxuma's Assorted Antiques.
  6447 | D:6      | Noticed Eustachio
  6464 | D:6      | Noticed Edmund
  6476 | D:6      | Killed Edmund
  6476 | D:6      | Reached skill level 1 in Dodging
  6486 | D:6      | Killed Eustachio
  6647 | D:6      | Found Orunukk's Magic Scroll Shoppe.
  6656 | D:6      | Bought a scroll of identify for 24 gold pieces
  6656 | D:6      | Bought a scroll of identify for 24 gold pieces
  6656 | D:6      | Bought a scroll of identify for 24 gold pieces
  6656 | D:6      | Bought a scroll of identify for 24 gold pieces
  6656 | D:6      | Bought a scroll of teleportation for 36 gold pieces
  6666 | D:6      | Reached XP level 10. HP: 64/64 MP: 3/10
  6676 | D:6      | Noticed Menkaure
  6685 | D:6      | Killed Menkaure
  6876 | D:6      | Found a staircase to the Ecumenical Temple.
  6938 | Temple   | Entered the Ecumenical Temple
  7164 | Temple   | Became a worshipper of Ashenzari the Shackled
  7296 | D:6      | Reached skill level 10 in Maces & Flails
  7688 | D:7      | Found Valoav Acwen's Assorted Antiques.
  7695 | D:7      | Found a runed translucent gate.
  7695 | D:7      | Found a runed translucent gate.
  7695 | D:7      | Found a runed translucent gate.
  7704 | D:7      | Noticed MisterOstroum's ghost (novice DrFE)
  7761 | D:7      | Noticed Joseph
  7781 | D:7      | Killed Joseph
  7950 | D:7      | Noticed Prince Ribbit
  7955 | D:7      | Killed Prince Ribbit
  7955 | D:7      | Reached skill level 5 in Shields
  8032 | D:7      | Found a radiant altar of Vehumet.
  8033 | D:7      | Found a snail-covered altar of Cheibriados.
  8068 | D:7      | Reached * piety under Ashenzari
  8722 | D:8      | Found a staircase to the Lair.
  8788 | D:8      | Noticed Harold
  8818 | D:8      | Killed Harold
  8818 | D:8      | Reached skill level 11 in Maces & Flails
  8818 | D:8      | Reached XP level 11. HP: 30/71 MP: 3/11
  9583 | D:9      | Found a glowing golden altar of the Shining One.
  9732 | D:9      | Reached ** piety under Ashenzari
  9736 | D:9      | Noticed a two-headed ogre
  9744 | D:9      | Killed a two-headed ogre
  9772 | D:9      | Noticed Erolcha
  9790 | D:9      | Killed Erolcha
  9963 | D:9      | Found a staircase to the Orcish Mines.
 10512 | D:10     | Entered Level 10 of the Dungeon
 10565 | D:10     | Noticed a two-headed ogre
 11035 | D:10     | Reached skill level 12 in Maces & Flails
 11319 | D:10     | Reached *** piety under Ashenzari
 11499 | D:11     | Found a glowing silver altar of Zin.
 11563 | D:11     | Reached skill level 10 in Armour
 11563 | D:11     | Reached XP level 12. HP: 73/77 MP: 4/12
 11594 | D:11     | Noticed a death yak
 11599 | D:11     | Reached skill level 10 in Fighting
 11607 | D:11     | Killed a death yak
 11826 | D:11     | Noticed an eight-headed hydra
 11830 | D:11     | Killed an eight-headed hydra
 12136 | D:11     | Reached skill level 5 in Dodging
 12196 | D:11     | Identified a scroll of acquirement
 13050 | D:12     | Noticed Sonja
 13063 | D:12     | Killed Sonja
 13217 | D:12     | Reached **** piety under Ashenzari
 13613 | D:13     | Noticed a death knight
 13882 | D:13     | Reached skill level 13 in Maces & Flails
 14089 | D:13     | Killed a death knight
 14460 | D:13     | Reached XP level 13. HP: 58/84 MP: 4/13
 14649 | D:14     | Noticed a vault guard
 14649 | D:14     | Noticed a vault guard
 14858 | D:14     | Noticed a fire dragon
 14871 | D:14     | Killed a fire dragon
 15453 | D:15     | Entered Level 15 of the Dungeon
 15669 | D:15     | Reached skill level 14 in Maces & Flails
 16269 | D:15     | Noticed Nessos
 16288 | D:15     | Killed Nessos
 16311 | D:15     | Reached skill level 1 in Evocations
 16451 | D:15     | Reached ***** piety under Ashenzari
 16461 | D:15     | Gained mutation: Your large and strong wings let you fly
                  | indefinitely. [Gargoyle growth]
 16461 | D:15     | Reached XP level 14. HP: 77/91 MP: 5/15
 16497 | D:15     | Found a shadowy altar of Dithmenos.
 17222 | D:15     | Found a staircase to the Depths.
 17222 | D:15     | Noticed a dire elephant
 17255 | D:15     | Killed a dire elephant
 17255 | D:15     | Reached skill level 10 in Shields
 18028 | D:7      | Killed MisterOstroum's ghost
 18123 | Lair:1   | Entered Level 1 of the Lair of Beasts
 18301 | Lair:1   | Identified the +3 trident of the Saviour {drain, MP+9 SInv}
 18778 | Lair:2   | Found a gate leading to a gauntlet.
 18903 | Lair:2   | Found a staircase to the Swamp.
 18976 | Gauntlet | Entered a Gauntlet
 18976 | Gauntlet | Found a transporter.
 18989 | Gauntlet | Found a transporter.
 19002 | Gauntlet | Found a transporter.
 19008 | Gauntlet | Found a transporter.
 19029 | Gauntlet | Found a transporter.
 19042 | Gauntlet | Identified the ring "Cuepn" {*Slow rF+ rC+ rN+ Str+4}
 19042 | Gauntlet | Found a transporter.
 19044 | Gauntlet | Identified the ring of the Devil's Advocate {MR+ Str+6}
 19054 | Gauntlet | Identified the amulet of Cheibriados's Hatred {Spirit
                  | Str+4}
 19054 | Gauntlet | Found a transporter.
 19066 | Gauntlet | Identified a +0 pair of boots of running
 19066 | Gauntlet | Found a transporter.
 19078 | Gauntlet | Found a transporter.
 19081 | Gauntlet | Identified the ring of Vainaiq {Fire MR- Int+5}
 19090 | Gauntlet | Found a transporter.
 19090 | Gauntlet | Noticed an entropy weaver
 19107 | Gauntlet | Found a transporter.
 19125 | Gauntlet | Found a transporter.
 19127 | Gauntlet | Found a transporter.
 19156 | Gauntlet | Found a transporter.
 19158 | Gauntlet | Found a transporter.
 19160 | Gauntlet | Found a transporter.
 19186 | Gauntlet | Found a transporter.
 19188 | Gauntlet | Found a transporter.
 19360 | Gauntlet | Gained mutation: Potions are less effective at restoring
                  | your health. [a neqoxec]
 19529 | Gauntlet | Got the uncursed quicksilver dragon scales of Ennui {MR+
                  | Int+8 Dex-2}
 20320 | Lair:3   | Found a dark tunnel.
 20342 | Volcano  | Entered a volcano
 20361 | Volcano  | Reached skill level 15 in Maces & Flails
 20376 | Volcano  | Cast into level 2 of the Abyss (a wizard)
 20396 | Abyss:2  | Found a corrupted altar of Lugonu.
 20426 | Abyss:2  | Found a corrupted altar of Lugonu.
 20428 | Abyss:2  | Found a corrupted altar of Lugonu.
 20555 | Abyss:2  | Gained mutation: Your spells are a little easier to cast,
                  | but a little less powerful. [a neqoxec]
 20559 | Abyss:2  | Gained mutation: Armour fits poorly on your strangely
                  | shaped body. [a neqoxec]
 20564 | Abyss:2  | Noticed a starcursed mass
 20569 | Abyss:2  | Noticed a bone dragon
 20573 | Abyss:2  | Paralysed by accursed screaming for 1 turns
 20576 | Abyss:2  | Killed from afar by a starcursed mass

Levels and vault maps discovered:
D:1:      psy_arrival_spokes, layout_loops_corners, minmay_pentomino_u2
D:2:      minmay_chambers_of_twos, layout_basic, marbit_many_paths,
          supply_closet_lemuel, skrybe_limestone_x, minmay_joined_circles
D:3:      layout_basic, portal_sewer_entry_e
D:4:      layout_loops_ring, first_ration, kennysheep_decorative_pillar,
          uniq_grinder, uniq_pikel, uniq_natasha
D:5:      layout_basic, serial_shops, shop, kennysheep_mini_moat,
          nicolae_shop_crystal
D:6:      layout_basic, minmay_temple_entry_large_hall, serial_shops, shop,
          uniq_eustachio, uniq_edmund, uniq_menkaure
D:7:      layout_cave_pools, gammafunk_temple_overflow_pools, serial_shops,
          nicolae_shop_stone, gammafunk_ghost_split, uniq_joseph,
          uniq_prince_ribbit1
D:8:      layout_basic, dpeg_oklobed_lair, uniq_harold
D:9:      wander_river, layout_loops_ring, tso_altar, orc_0_dummy,
          grunt_livestock, uniq_erolcha
D:10:     layout_cave_pools
D:11:     layout_roguey, basic_altar, serial_ice, serial_ice_k, serial_ice_a,
          serial_ice_b, serial_ice_e, grunt_decor_cap, eino_jars
D:12:     layout_cave_pools, uniq_sonja
D:13:     layout_irregular_city
D:14:     layout_long_grid, grunt_vaults_entry_fortified, kb_rosetta
D:15:     hangedman_depths_entry_try_elsewhere_first, layout_layer_cave,
          grunt_dithmenos_smoke_and_mirrors, chequers_serial_rivers_large_b,
          uniq_nessos
Temple:   dpeg_five_rooms_temple
Lair:1:   layout_roguey, infiniplex_staircase_pool_2
Lair:2:   layout_gridlike, minmay_swamp_entry_reptiles, gauntlet_entry_generic,
          disabler_island, grunt_megastairs_1, serial_bayou_shore_b,
          infiniplex_staircase_pool
Lair:3:   layout_regular_city, minmay_snake_entry_guardpost_medium,
          nicolae_volcano_entry_vermiform, lemuel_fruit_fields,
          grunt_megastairs_4
Abyss:2:  base:
D:8
Volcano:  volcano_bunker

Skill      XL: |  1  2  3  4  5  6  7  8  9 10 11 12 13 14 |
---------------+-------------------------------------------+-----
Maces & Flails | 3 4 5 6 8 9 11 12 13 14 15 | 15.0
Fighting       | 4 5 6 7 8 9 10 11 12 | 12.3
Armour         | 4 5 6 7 8 9 10 11 12 | 12.3
Dodging        | 1 3 4 5 6 7 |  7.6
Shields        | 5 7 8 9 10 | 10.4
Evocations     | 1 3 |  3.6

Action                   |  1- 3 |  4- 6 |  7- 9 | 10-12 | 13-15 || total
-------------------------+-------+-------+-------+-------+-------++-------
Melee: Flail             |   102 |       |   146 |       |       ||   248
       Whip              |    32 |   507 |   254 |       |       ||   793
       Mace              |       |       |   121 |   864 |   765 ||  1750
Throw: Throwing net      |       |       |       |     1 |     5 ||     6
Invok: Curse Item        |       |       |       |     6 |       ||     6
 Abil: Evoke Berserk Rag |       |       |       |       |     5 ||     5
       Fly               |       |       |       |       |     1 ||     1
Evoke: Wand              |       |       |       |     2 |    11 ||    13
  Use: Potion            |     1 |       |     5 |     2 |     4 ||    12
       Scroll            |       |     5 |     7 |    11 |     2 ||    25
 Stab: Held in net/web   |       |       |       |       |     4 ||     4
       Paralysed         |       |       |       |       |     4 ||     4
  Eat: Chunk             |     1 |     7 |     9 |    28 |    15 ||    60
       Ration            |       |       |     1 |       |     3 ||     4
Armor: Scale mail        |    72 |   213 |   247 |   292 |   220 ||  1044
       Ring mail         |       |       |       |       |    55 ||    55
Dodge: Dodged            |    45 |   129 |   133 |   262 |   296 ||   865
Block: Shield            |    73 |   209 |   206 |   438 |   464 ||  1390

Table legend:
 A = Non-vault XP
 B = Vault XP
 C = Vault XP percentage of total XP
 D = Non-vault monster count
 E = Vault monster count
 F = Vault count percentage of total count
                 A         B        C        D         E       F
            +---------+---------+-------+---------+---------+-------
      Total |   58569 |   21184 |  26.6 |     505 |     109 |  17.8
            +---------+---------+-------+---------+---------+-------
        D:1 |      54 |       1 |   1.8 |      22 |       1 |   4.3
        D:2 |     175 |      77 |  30.6 |      36 |      24 |  40.0
        D:3 |     297 |       0 |   0.0 |      31 |       0 |   0.0
        D:4 |     834 |     977 |  53.9 |      29 |       3 |   9.4
        D:5 |     888 |       0 |   0.0 |      28 |       0 |   0.0
        D:6 |    1303 |     531 |  29.0 |      30 |       3 |   9.1
        D:7 |    1183 |    1618 |  57.8 |      20 |       8 |  28.6
        D:8 |    2057 |    1007 |  32.9 |      40 |       1 |   2.4
        D:9 |    3036 |    2000 |  39.7 |      49 |       6 |  10.9
       D:10 |    2295 |       0 |   0.0 |      29 |       0 |   0.0
       D:11 |    5042 |    1635 |  24.5 |      34 |      12 |  26.1
       D:12 |    2648 |     820 |  23.6 |      24 |       1 |   4.0
       D:13 |    4169 |       0 |   0.0 |      17 |       0 |   0.0
       D:14 |    8245 |    2636 |  24.2 |      33 |       5 |  13.2
       D:15 |   15041 |    3399 |  18.4 |      42 |       4 |   8.7
     Lair:1 |    3871 |       0 |   0.0 |      15 |       0 |   0.0
     Lair:2 |    3176 |    1456 |  31.4 |      10 |       5 |  33.3
     Lair:3 |     947 |     758 |  44.5 |       4 |       2 |  33.3
    Abyss:2 |    3308 |       0 |   0.0 |      12 |       0 |   0.0
      Sewer |       0 |     400 | 100.0 |       0 |      22 | 100.0
    Volcano |       0 |     733 | 100.0 |       0 |       1 | 100.0
   Gauntlet |       0 |    3136 | 100.0 |       0 |      11 | 100.0
            +---------+---------+-------+---------+---------+-------
